[Event "*** Titled Tuesday 3|2 Blitz"]
[Site "Chess.com"]
[Date "2016.08.02"]
[Round "2"]
[White "Aragon"]
[Black "saraswathii"]
[Result "0-1"]
[WhiteElo "2076"]
[BlackElo "2102"]
[TimeControl "180+2"]
[EndTime "11:23:05 PDT"]
[Termination "saraswathii won by checkmate"]

1. e4 c5 2. Nf3 e6 3. d4 cxd4 4. Nxd4 Nf6 5. Nc3 Nc6 6. Nb3 Bb4 7. Bd3 d5 8. exd5 Nxd5 9. O-O Nxc3 10. bxc3 Bxc3 11. Ba3 Bb4 12. Bxb4 Nxb4 13. Qg4 Nd5 14. Qxg7 Qf6 15. Qg3 Bd7 16. Nc5 Bc6 17. Ne4 Qd4 18.
Rad1 O-O-O 19. Nd6+ Rxd6 20. Qxd6 Rg8 21. Bb5 Rxg2+ 22. Kxg2 Nf4+ 23. Kg3 Nh5+ 24. Kh3 Nf4+ 25. Kg4 f5+ 26. Kg5 Nh3+ 27. Kh6 Qf6+ 28. Kxh7 Ng5+ 29.
Kg8 Qf7+ 30. Kh8 Qh7# 0-1

[Event "*** Titled Tuesday 3|2 Blitz"]
[Site "Chess.com"]
[Date "2016.08.02"]
[Round "2"]
[White "Maitreia"]
[Black "RamonManon0g"]
[Result "1-0"]
[WhiteElo "2364"]
[BlackElo "2234"]
[TimeControl "180+2"]
[EndTime "11:23:07 PDT"]
[Termination "Maitreia won by resignation"]

1. c4 e5 2. g3 Nf6 3. Bg2 d5 4. cxd5 Nxd5 5. Nc3 Nb6 6. d3 Be7 7. Be3 O-O 8. Rc1 Nc6 9. Bxc6 bxc6 10. Nf3 f6 11. Qb3+ Kh8 12. O-O Nd5 13. Ne4 Bd7 14.
Bc5 a5 15. Qa3 a4 16. Bxe7 Nxe7 17. Rc5 Nd5 18. Rfc1 Qe8 19. R5c4 Nb6 20. R4c2 f5 21. Nc5 Bc8 22. d4 e4 23. Ne5 Nd5 24. e3 h5 25.
Nxa4 h4 26. Qxf8+ Qxf8 27. Ng6+ Kg8 28. Nxf8 Kxf8 29. b3 Nb4 30. Rxc6 Nxc6 31. Rxc6 Bd7 32. Rxc7 Bxa4 33. bxa4 Rxa4 34. gxh4 Rxa2 35. Kg2 Rd2 36.
Kg3 Kg8 37. h5 Kh7 38. Rf7 Kh6 39. Rxf5 Rd1 40. Kf4 1-0

[Event "*** Titled Tuesday 3|2 Blitz"]
[Site "Chess.com"]
[Date "2016.08.02"]
[Round "2"]
[White "Carolina-moon"]
[Black "calemcc"]
[Result "0-1"]
[WhiteElo "2045"]
[BlackElo "2125"]
[TimeControl "180+2"]
[EndTime "11:23:16 PDT"]
[Termination "calemcc won on time"]

1. e4 e6 2. Nf3 d5 3. Nc3 Nf6 4. e5 Nfd7 5. d4 c5 6. dxc5 Nc6 7. Bf4 Nxc5 8. Qd2 Be7 9. h4 f6 10. O-O-O fxe5 11. Nxe5 Bf6 12. Bb5 Qb6 13. Rhe1 O-O 14. Bd3 Nxe5 15. Bxe5 Bxe5 16. Rxe5 Rxf2 17. Qe1 Nxd3+ 18.
Rxd3 Bd7 19. Rg5 Raf8 20. Rdg3 g6 21. Qe5 Rf1+ 22. Kd2 Qf2+ 23. Ne2 Qe1+ 24. Ke3 Qf2+ 25. Kd2 Qf6 26. Qe3 Qxb2 27. h5 Qb4+ 28. c3 Qb2+ 29. Kd3 Rd1+ 0-1

[Event "*** Titled Tuesday 3|2 Blitz"]
[Site "Chess.com"]
[Date "2016.08.02"]
[Round "2"]
[White "FairChess_on_YouTube"]
[Black "DeviatkinAndrey"]
[Result "0-1"]
[WhiteElo "2701"]
[BlackElo "2501"]
[TimeControl "180+2"]
[EndTime "11:23:26 PDT"]
[Termination "DeviatkinAndrey won by resignation"]

1. e4 c6 2. Nf3 d5 3. Nc3 Bg4 4. h3 Bh5 5. g4 Bg6 6. Qe2 e6 7. d3 Bb4 8. Bd2 Ne7 9. Bg2 Nd7 10. h4 h5 11. g5 Qc7 12. O-O-O O-O-O 13. Kb1 Bd6 14. Rhe1 Bf4 15. exd5 Nxd5 16. Nxd5 cxd5 17. Bxf4 Qxf4 18.
Qe3 Qxe3 19. Rxe3 Rhe8 20. Bh3 Kc7 21. Rde1 Kd6 22. Ne5 Nxe5 23. Rxe5 Re7 24. f4 Rde8 25. Kc1 f6 26. R5e3 e5 27. f5 Bf7 28. g6 Bg8 29. d4 exd4 30. Rxe7 Rxe7 31. Rxe7 Kxe7 32. Kd2 Kd6 33. Kd3 Ke5 34. b4 b6 35. a4 Kf4 36.
Kxd4 Kg3 37. Bf1 Kxh4 38. Be2 Kg5 39. Bf3 h4 40. a5 Kxf5 0-1

[Event "*** Titled Tuesday 3|2 Blitz"]
[Site "Chess.com"]
[Date "2016.08.02"]
[Round "2"]
[White "LaStreetCmaMaison"]
[Black "SabinoBrunello"]
[Result "1/2-1/2"]
[WhiteElo "2489"]
[BlackElo "2593"]
[TimeControl "180+2"]
[EndTime "11:23:35 PDT"]
[Termination "Game drawn by repetition"]

1. Nf3 d5 2. g3 c6 3. Bg2 Bg4 4. O-O Nd7 5. h3 Bxf3 6. Bxf3 e5 7.
d3 Ngf6 8. e4 dxe4 9. dxe4 Be7 10.
Qe2 O-O 11. Be3 Qc7 12. Nd2 Nc5 13. a4 Rfd8 14. a5 Ne6 15. c3 Bc5 16. Nc4 Bxe3 17. Qxe3 Nd7 18. Bg4 Nef8 19. Rfd1 b5 20. axb6 axb6 21.
Rxa8 Rxa8 22. Kg2 b5 23. Bxd7 Nxd7 24. Rxd7 Qxd7 25. Nb6 Qb7 26. Nxa8 Qxa8 27. Qc5 Qe8 28. Qd6 f6 29. g4 Kf7 30. Qc7+ Kg6 31. h4 h5 32. gxh5+ Kh6 33. Kg3 Qe6 34. f3 Qc4 35.
Qc8 Kxh5 36. Qh8+ Kg6 37. h5+ Kf7 38. Qc8 Qc5 39. Qd7+ Kf8 40. Qd8+ Kf7 41. Qd7+ Kf8 42. Kg4 Qe3 43. Qd8+ Kf7 44. Qd7+ Kf8 45. Qc8+ Kf7 46. Qc7+ Kf8 47. Qd8+ Kf7 48. Qd7+ Kf8 49. Qd6+ Kf7 50. Qd7+ Kf8 51. Qd8+ Kf7 52. Qc7+ Kf8 53. Qd8+ Kf7 54.
Qd7+ Kf8 1/2-1/2

[Event "*** Titled Tuesday 3|2 Blitz"]
[Site "Chess.com"]
[Date "2016.08.02"]
[Round "2"]
[White "GeorgMeier"]
[Black "Usurpov"]
[Result "1-0"]
[WhiteElo "2697"]
[BlackElo "2330"]
[TimeControl "180+2"]
[EndTime "11:23:38 PDT"]
[Termination "GeorgMeier won by resignation"]

1. Nf3 Nf6 2. g3 g6 3. Bg2 Bg7 4. O-O O-O 5. d4 d5 6. c4 dxc4 7. Na3 Nc6 8. Nxc4 Be6 9. b3 Bd5 10. Bb2 a5 11. a4 Nb4 12. e3 c6 13. Rc1 Ne4 14. Qe2 Na2 15. Ra1 Nb4 16. Rfd1 b5 17.
Nce5 f6 18. axb5 fxe5 19. bxc6 Qb6 20. dxe5 Bxc6 21. Rac1 Bb5 22. Rc4 Nc5 23. Bd4 Rac8 24. Ng5 h6 25. Ne4 Nba6 26. Rdc1 Qe6 27. Nxc5 Nxc5 28.
Qb2 Bxc4 29. Rxc4 Nd7 30. Qc2 Rxc4 31. bxc4 Rc8 32. c5 Bxe5 33. h4 Nf6 34. Qxg6+ Kf8 35. Qxh6+ Kf7 36. h5 Bxd4 37. Qg6+ Kf8 38. exd4 Qe1+ 39.
Kh2 Qxf2 40. h6 Ng4+ 41. Qxg4 Qf6 42. Qxc8+ 1-0

[Event "*** Titled Tuesday 3|2 Blitz"]
[Site "Chess.com"]
[Date "2016.08.02"]
[Round "2"]
[White "aspired"]
[Black "fpawn"]
[Result "0-1"]
[WhiteElo "2426"]
[BlackElo "2239"]
[TimeControl "180+2"]
[EndTime "11:23:43 PDT"]
[Termination "fpawn won by resignation"]

1. d4 f5 2. Qd3 d5 3. Bf4 c6 4.
Nc3 Nf6 5. h3 g6 6. Nf3 Bg7 7.
Ne5 Be6 8. O-O-O Nbd7 9. f3 Qa5 10. Kb1 O-O 11. g4 Nxe5 12. Bxe5 Nd7 13. Bxg7 Kxg7 14.
Qe3 Kf7 15. h4 Nf6 16. h5 Rae8 17. Bh3 Bd7 18. Rdg1 Rh8 19. gxf5 gxf5 20. Rg5 e6 21. Rhg1 Reg8 22. Qe5 Qd8 23. e4 Rxg5 24. Rxg5 Rg8 25. exf5 exf5 26. Rxg8 Qxg8 27. a4 Qg5 28. h6 Kg6 29.
Ne2 Kxh6 30. Nf4 Kg7 31. a5 Kf7 32. Ka2 a6 33. Ka3 Qg3 34. Bxf5 Qxf3+ 35. b3 Bxf5 36.
Qxf5 Qe4 37. Qg5 Qxc2 38. Nd3 Qxd3 0-1

[Event "*** Titled Tuesday 3|2 Blitz"]
[Site "Chess.com"]
[Date "2016.08.02"]
[Round "2"]
[White "maciek_92"]
[Black "Sven_Tica"]
[Result "1-0"]
[WhiteElo "2605"]
[BlackElo "2424"]
[TimeControl "180+2"]
[EndTime "11:23:47 PDT"]
[Termination "maciek_92 won by resignation"]

1. c4 Nf6 2. g3 e6 3. Nf3 d5 4.
Bg2 Be7 5. O-O O-O 6. Qc2 c6 7. d4 b6 8. Bf4 Bb7 9. Rd1 a5 10. Nc3 Na6 11. a3 Rc8 12. Ne5 Nh5 13. Be3 f6 14. Nf3 g6 15. Bh6 Re8 16. Nd2 Bf8 17.
Bxf8 Rxf8 18. e4 dxc4 19. Nxc4 Qc7 20. e5 Rcd8 21. Ne4 c5 22. Ncd6 Bxe4 23. Qxe4 cxd4 24.
Rac1 Nc5 25. Qxd4 fxe5 26. Qxe5 Qe7 27. b4 axb4 28. axb4 Nb3 29. Rb1 Rd7 30. Rxb3 Rfd8 31. Rbd3 Nf6 32. Bc6 Ng4 33. Qf4 e5 34. Qxg4 Rxd6 35.
Rxd6 Rxd6 36. Rxd6 Qxd6 37. Qc4+ Kg7 38. b5 h5 39. Qd5 Qf6 40. Qf3 Qd6 41. Qd5 Qf6 42. Kg2 h4 43. gxh4 Qf4 44. Qe4 Qf6 45. Qg4 Kh6 46. Be4 Qd6 47. Qg5+ 1-0

[Event "*** Titled Tuesday 3|2 Blitz"]
[Site "Chess.com"]
[Date "2016.08.02"]
[Round "2"]
[White "Newlight1"]
[Black "MyleneFarmer"]
[Result "0-1"]
[WhiteElo "2382"]
[BlackElo "2365"]
[TimeControl "180+2"]
[EndTime "11:23:49 PDT"]
[Termination "MyleneFarmer won by resignation"]

1. e4 c5 2. b4 cxb4 3. a3 d5 4. exd5 Qxd5 5. Nf3 Bg4 6. axb4 Nc6 7. Nc3 Qe6+ 8. Be2 Bxf3 9. gxf3 Nd4 10. Kf1 Nxe2 11. Qxe2 Qxe2+ 12. Kxe2 a6 13. Nd5 O-O-O 14. Nb6+ Kc7 15.
Nc4 Nf6 16. c3 Nd5 17. Ra3 e5 18. d3 f6 19. Be3 Be7 20. Rg1 g5 21. Rb1 Ra8 22.
Bc5 Rhd8 23. Bxe7 Nxe7 24. b5 axb5 25. Rxa8 Rxa8 26. Rxb5 Ra2+ 27. Rb2 Nd5 28. Rxa2 Nxc3+ 29. Ke3 Nxa2 30. Ke4 b5 31. Ne3 Nc3+ 32. Kf5 b4 33. Kxf6 b3 34. Nc4 Kc6 35. Kxe5 Nd1 36. Kd4 b2 37. Nd2 Kb5 38. Nb1 Kb4 39. Nd2 Nxf2 40. Ke3 Nd1+ 41. Ke2 Nc3+ 42. Ke3 Nd5+ 43. Ke2 Kc3 44.
Nb1+ Kc2 45. Na3+ Kc1 46. d4 Nc3+ 47. Kd3 Nb5 48. Nb1 Kxb1 0-1

[Event "*** Titled Tuesday 3|2 Blitz"]
[Site "Chess.com"]
[Date "2016.08.02"]
[Round "2"]
[White "alturas_pacificas"]
[Black "stefanodinn"]
[Result "1-0"]
[WhiteElo "2151"]
[BlackElo "2198"]
[TimeControl "180+2"]
[EndTime "11:23:52 PDT"]
[Termination "alturas_pacificas won on time"]

1. d4 Nf6 2. Bf4 c5 3. d5 d6 4. Nc3 g6 5. e4 Bg7 6. Bb5+ Bd7 7. a4 O-O 8. Nf3 a6 9. Be2 Bg4 10. Nd2 Bxe2 11. Qxe2 Nbd7 12. O-O Ne8 13. Nc4 Nc7 14. Rfd1 f6 15. h3 Ne5 16. Bh2 Nxc4 17. Qxc4 Qd7 18. a5 Kh8 19. f4 Nb5 20. Na4 Rae8 21. Nb6 Qc7 22. c3 f5 23. Re1 Na7 24. e5 Nc8 25.
Nxc8 Qxc8 26. Bg3 Qd7 27. Ra3 e6 28. exd6 exd5 29. Qxd5 Rxe1+ 30. Bxe1 Re8 31. Bf2 Qc6 32. Qxc6 bxc6 33. Bxc5 Kg8 34. Rb3 Rd8 35. Rb7 Bf8 36. Rc7 Bxd6 37. Rxc6 Bxf4 38. Rxa6 Bg3 39. Kf1 Rd2 40.
Ra8+ Kf7 41. a6 Rxb2 42. a7 1-0

[Event "*** Titled Tuesday 3|2 Blitz"]
[Site "Chess.com"]
[Date "2016.08.02"]
[Round "2"]
[White "Tash_Boy"]
[Black "Zhani-Z"]
[Result "0-1"]
[WhiteElo "2288"]
[BlackElo "2285"]
[TimeControl "180+2"]
[EndTime "11:23:54 PDT"]
[Termination "Zhani-Z won by resignation"]

1. e4 c5 2. Nf3 d6 3. d4 cxd4 4. Nxd4 Nf6 5. Nc3 g6 6. Be3 a6 7. f3 b5 8. a3 Bb7 9. Qd2 Nbd7 10. O-O-O Rc8 11. g4 h6 12. h4 Ne5 13. Rh3 Nfd7 14. Nd5 e6 15. Nf4 Nc5 16. Kb1 Qc7 17. Rh2 Bg7 18. Bxb5+ Ke7 19. Be2 Rb8 20. Nb3 Na4 21.
Bd4 Rhc8 22. Rc1 Ba8 23. Bxa6 Nxf3 24. Qe3 Nxd4 25. Bxc8 Nb5 26. c4 Nxa3+ 27. bxa3 Qxc8 28. Nd5+ exd5 29. exd5+ Kf8 30. Re2 Qxg4 31. Qe7+ Kg8 32. Ka2 Nc3+ 33. Rxc3 Bxc3 34. Rc2 Be5 35. Qa7 Qc8 36.
c5 Bxd5 0-1

[Event "*** Titled Tuesday 3|2 Blitz"]
[Site "Chess.com"]
[Date "2016.08.02"]
[Round "2"]
[White "Alliswell998"]
[Black "E-Shaposhnikov"]
[Result "0-1"]
[WhiteElo "2208"]
[BlackElo "2695"]
[TimeControl "180+2"]
[EndTime "11:23:55 PDT"]
[Termination "E-Shaposhnikov won by resignation"]

1. e4 c5 2. Nc3 e6 3. f4 d5 4. Nf3 d4 5. Bb5+ Bd7 6. Bxd7+ Nxd7 7. Nb1 f5 8. d3 Ngf6 9. Nbd2 Qc7 10. e5 Nd5 11.
Nf1 Be7 12. Qe2 O-O 13. Ng3 b5 14. O-O Rac8 15. Kh1 a5 16. Bd2 a4 17. a3 Qb6 18.
Rfd1 c4 19. dxc4 bxc4 20. Bb4 Bxb4 21. axb4 d3 22. cxd3 Nxf4 23. Qd2 Nxd3 24. Rf1 Qxb4 25. Qxb4 Nxb4 26. Rxa4 Nd3 27. Rb1 N7xe5 28. Nd4 Rfe8 29. Nge2 Rb8 30. Ra2 Rb6 31. Nf4 Nxf4 32. g3 Nfd3 33. Kg2 c3 34. b4 Rxb4 35. Rd1 Rb2+ 36. Rxb2 cxb2 37. Rb1 Ra8 38. Nb5 Ra1 39. Nc3 Rxb1 40.
Nxb1 Nc4 41. Kf1 e5 42. Ke2 e4 0-1

[Event "*** Titled Tuesday 3|2 Blitz"]
[Site "Chess.com"]
[Date "2016.08.02"]
[Round "2"]
[White "eltenedor"]
[Black "fireheart92"]
[Result "0-1"]
[WhiteElo "2037"]
[BlackElo "2291"]
[TimeControl "180+2"]
[EndTime "11:23:59 PDT"]
[Termination "fireheart92 won on time"]

1. c4 e5 2. g3 Nf6 3. Bg2 d5 4. cxd5 Nxd5 5. Nf3 Nc6 6. O-O Be7 7. d4 e4 8. Ne5 f5 9. Nxc6 bxc6 10. Qc2 O-O 11.
Qxc6 Rb8 12. a3 Rb6 13. Qc2 Ba6 14. Re1 Bf6 15. Nc3 Bxd4 16. Rd1 Bxc3 17. bxc3 Rd6 18. Bd2 Bxe2 19. Re1 Bd3 20. Qb3 Rb6 21. Qa2 Kh8 22. c4 Nf6 23. Be3 Rc6 24. Rac1 a6 25. Red1 Ng4 26.
Bf4 Qd4 27. h3 Nf6 28. Be3 Qe5 29. Rxd3 exd3 30. Bxc6 Nh5 31. Qa1 Qd6 32. Bf3 Nxg3 33. Kg2 f4 34. Bd4 Nf5 35. Bc3 Nh4+ 36. Kh1 Qd7 37.
Bg4 Qc6+ 38. f3 Nxf3 39. Bxg7+ Kg8 40. Bxf3 Qxf3+ 41. Kh2 Qg3+ 42. Kh1 Qxh3+ 43. Kg1 Rf5 44. Kf2 Rg5 45. Rg1 Qe3+ 0-1

[Event "*** Titled Tuesday 3|2 Blitz"]
[Site "Chess.com"]
[Date "2016.08.02"]
[Round "2"]
[White "josiwales"]
[Black "CroatianPower"]
[Result "0-1"]
[WhiteElo "2146"]
[BlackElo "2424"]
[TimeControl "180+2"]
[EndTime "11:23:59 PDT"]
[Termination "CroatianPower won by resignation"]

1. e4 e6 2. d3 d5 3. Qe2 Be7 4.
Nf3 Nf6 5. e5 Nfd7 6. g3 c5 7.
Bg2 Nc6 8. h4 Qc7 9. Bf4 b6 10.
O-O Bb7 11. h5 h6 12. g4 O-O-O 13.
Bg3 g6 14. Nbd2 gxh5 15. gxh5 Rdg8 16. c4 d4 17. Rae1 Nf8 18. Ne4 Nh7 19. Nd6+ Bxd6 20. exd6 Qd7 21. Kh1 Ng5 22. Nxg5 hxg5 23. f4 gxf4 24.
Bxf4 Ne5 25. Rg1 Ng4 26. Bxb7+ Qxb7+ 27. Rg2 e5 28. Kg1 f5 29. Bd2 Ne3 30. Bxe3 dxe3 31.
Rxg8+ Rxg8+ 32. Kh2 f4 33. Rg1 Rxg1 34. Kxg1 Qg7+ 35.
Kh1 Qg3 36. h6 Qh4+ 37. Kg1 Qg3+ 38. Kh1 f3 39. h7 Qh3+ 40. Kg1 fxe2 0-1

[Event "*** Titled Tuesday 3|2 Blitz"]
[Site "Chess.com"]
[Date "2016.08.02"]
[Round "2"]
[White "Bab3s"]
[Black "HansCoolNiemann"]
[Result "1-0"]
[WhiteElo "2170"]
[BlackElo "2314"]
[TimeControl "180+2"]
[EndTime "11:24:09 PDT"]
[Termination "Bab3s won by checkmate"]

1. e4 e6 2. d4 d5 3. Nc3 Nf6 4.
e5 Nfd7 5. f4 c5 6. Nf3 Nc6 7.
Be3 cxd4 8. Nxd4 Bc5 9. Qd2 O-O 10. O-O-O a6 11. Nb3 Bxe3 12. Qxe3 b5 13. Ne2 Bb7 14.
Ned4 Nxd4 15. Nxd4 Qa5 16. Kb1 Rac8 17. Bd3 Rfe8 18.
Nf3 Qb6 19. Qe1 Nf8 20. h4 Rcd8 21. h5 d4 22. h6 g6 23. Qh4 Nd7 24. Nh2 Rc8 25. Ng4 Qd8 26. Qg3 Bd5 27. f5 Qg5 28.
Nf6+ Qxf6 29. exf6 exf5 30. Bxf5 Be6 31. Bxe6 Rxe6 32.
Rxd4 Nxf6 33. Rhd1 Ree8 34. Qf4 Nh5 35. Qf3 a5 36. a3 a4 37. Rd7 f5 38. Qd5+ Kh8 39. Qd4+ Kg8 40. Rg7+ Kf8 41. Qd6+ Re7 42. Qxe7# 1-0

[Event "*** Titled Tuesday 3|2 Blitz"]
[Site "Chess.com"]
[Date "2016.08.02"]
[Round "2"]
[White "1stSecond"]
[Black "Caisachess"]
[Result "1-0"]
[WhiteElo "2533"]
[BlackElo "2178"]
[TimeControl "180+2"]
[EndTime "11:24:11 PDT"]
[Termination "1stSecond won by resignation"]

1. d4 Nf6 2. c4 e6 3. Nc3 Bb4 4. e3 O-O 5. Ne2 d5 6. a3 Be7 7. cxd5 exd5 8. g3 c6 9. Bg2 Bf5 10. O-O Re8 11. f3 Bf8 12. Nf4 h6 13. b3 Nbd7 14.
Ra2 Bd6 15. Re2 Nf8 16. g4 Bd7 17. h3 Qc7 18. Qd2 Bxf4 19. exf4 Rxe2 20. Nxe2 Ng6 21. f5 Ne7 22. Qb4 Be8 23. Bf4 Qd7 24. Re1 Rd8 25. Ng3 Nc8 26. h4 b6 27. g5 hxg5 28. hxg5 Nh7 29. Bh3 a5 30. Qd2 Nd6 31. Kg2 f6 32. g6 Nf8 33. Bg4 c5 34. dxc5 Nb5 35. a4 Nc7 36. cxb6 Na6 37. Qxa5 Nb8 38. Bc7 Rc8 39. Rh1 Nc6 40. Qc5 Ne7 41. a5 Nfxg6 42. fxg6 f5 43.
Nxf5 Nxg6 44. Nh6+ gxh6 45. Bxd7 Bxd7 46. Qxd5+ 1-0

[Event "*** Titled Tuesday 3|2 Blitz"]
[Site "Chess.com"]
[Date "2016.08.02"]
[Round "2"]
[White "AnastasiaProtopopova"]
[Black "usbista"]
[Result "1-0"]
[WhiteElo "1953"]
[BlackElo "2013"]
[TimeControl "180+2"]
[EndTime "11:24:11 PDT"]
[Termination "AnastasiaProtopopova won by resignation"]

1. d4 d5 2. c4 c6 3. Nf3 Nf6 4. e3 Bg4 5. Nbd2 e6 6. b3 Nbd7 7. Bb2 Bd6 8. Qc2 Bxf3 9. Nxf3 Ne4 10. Bd3 Bb4+ 11. Ke2 Ndf6 12. Ne5 Bd6 13. f3 Ng5 14. h4 Nh5 15. Kf2 Ne4+ 16. fxe4 Qf6+ 17. Kg1 dxe4 18. Bxe4 Ng3 19. Rh3 Nxe4 20. Qxe4 Bxe5 21. Qxe5 Qxe5 22. dxe5 O-O-O 23. e4 Rd2 24. Bc3 Re2 25. Rf1 f6 26. Rf2 Rxe4 27. exf6 gxf6 28. Rxf6 Rg8 29.
h5 Reg4 30. Rf2 Re8 31. Rhf3 Kc7 32. Rf7+ Kb6 33. Rxh7 Rd8 34. Rff7 Rd1+ 35. Kh2 Rd3 36. Rxb7+ Kc5 37. Bb4+ Kd4 38. Rbd7+ Ke3 39. Rxd3+ Kxd3 40. Kh3 Rg8 41. Rd7+ Ke4 42. h6 Rg6 43. h7 Rh6+ 44.
Kg3 Kf5 45. Bc3 e5 46. Re7 Kg6 47. Bxe5 Rxh7 48. Rxh7 Kxh7 49. Kf4 1-0

[Event "*** Titled Tuesday 3|2 Blitz"]
[Site "Chess.com"]
[Date "2016.08.02"]
[Round "2"]
[White "GMKrikor"]
[Black "pedromartinez91"]
[Result "1-0"]
[WhiteElo "2494"]
[BlackElo "2264"]
[TimeControl "180+2"]
[EndTime "11:24:23 PDT"]
[Termination "GMKrikor won by resignation"]

1. d4 d5 2. Bf4 e6 3. e3 Bd6 4. c3 Bxf4 5. exf4 c5 6. dxc5 Nf6 7. Nf3 Qc7 8. Qd4 Nc6 9. Bb5 O-O 10. Bxc6 bxc6 11. O-O Rb8 12. b4 Ba6 13. Re1 Nh5 14. Qe5 Qxe5 15. fxe5 Nf4 16. Nbd2 Ne2+ 17. Rxe2 Bxe2 18.
Nd4 Bd3 19. Nxc6 Rb7 20. f3 f6 21. Kf2 Rc8 22. Na5 Rb5 23. exf6 gxf6 24. Nab3 e5 25. Ke3 Bc2 26. a4 Rb7 27. b5 Rg7 28. g3 Kf7 29. Rc1 Bxb3 30. Nxb3 Ke6 31. Kd3 h5 32. Re1 Kf5 33. f4 h4 34. Re3 Rcg8 35. c6 hxg3 36. hxg3 Rxg3 37. fxe5 fxe5 38. Nc5 Rxe3+ 39. Kxe3 Rg3+ 40.
Kd2 e4 41. c7 Rg8 42. Nb7 Kf4 43. Nd8 e3+ 44. Kd3 Kf3 45. c8=Q Rf8 46. Qh3+ 1-0

[Event "*** Titled Tuesday 3|2 Blitz"]
[Site "Chess.com"]
[Date "2016.08.02"]
[Round "2"]
[White "MinhGTrAn"]
[Black "dabee"]
[Result "1-0"]
[WhiteElo "2587"]
[BlackElo "2416"]
[TimeControl "180+2"]
[EndTime "11:24:27 PDT"]
[Termination "MinhGTrAn won by resignation"]

1. d4 d5 2. c4 c6 3. Nc3 Nf6 4.
e3 e6 5. Nf3 Nbd7 6. Bd3 Bd6 7.
O-O O-O 8. b3 Qe7 9. Bb2 dxc4 10. Bxc4 e5 11. a4 e4 12. Nd2 Nb6 13. Be2 Nbd5 14.
Nc4 Bc7 15. Ba3 Nb4 16. Na2 a5 17. Qd2 Nfd5 18. f4 f5 19. Ne5 Be6 20. Bc4 Bd6 21. Nc3 Bxe5 22. fxe5 Rfd8 23. Bxd5 cxd5 24. Nb5 Rac8 25.
Rac1 Rc6 26. Bxb4 axb4 27. Nd6 Qg5 28. Nxb7 Rdc8 29. Rxc6 Rxc6 30. Nc5 Bc8 31. Rf4 Rb6 32. h4 Qe7 33. g3 h6 34. Kg2 g5 35. hxg5 hxg5 36. Rf1 Rh6 37. Rh1 Rxh1 38. Kxh1 Qh7+ 39. Qh2 Qg6 40. a5 f4 41. gxf4 gxf4 42. Qxf4 Bg4 43. Qg3 Bf3+ 44. Kh2 Bg4 45. Kg1 Kf7 46. e6+ Ke7 47.
Qc7+ Kf6 48. Qf7+ Qxf7 49. exf7 1-0

[Event "*** Titled Tuesday 3|2 Blitz"]
[Site "Chess.com"]
[Date "2016.08.02"]
[Round "2"]
[White "ajkom197"]
[Black "wonderfultime"]
[Result "1-0"]
[WhiteElo "2204"]
[BlackElo "2614"]
[TimeControl "180+2"]
[EndTime "11:24:28 PDT"]
[Termination "ajkom197 won by resignation"]

1. c4 c6 2. g3 d5 3. Bg2 g6 4.
Nf3 Bg7 5. cxd5 cxd5 6. d4 Nf6 7.
O-O O-O 8. Nc3 Nc6 9. Bf4 Ne4 10.
Rc1 Bf5 11. Ne5 Nxc3 12. Rxc3 Nxe5 13. Bxe5 Bxe5 14. dxe5 e6 15. Qd4 g5 16. Rfc1 Qa5 17. a3 Bg6 18. e3 Rfd8 19. Bf1 Rd7 20. Rc8+ Rxc8 21. Rxc8+ Kg7 22. h4 h6 23. hxg5 hxg5 24. Qg4 Rd8 25. Rc3 Kh6 26. f4 gxf4 27. gxf4 Rg8 28.
Qh4+ Bh5+ 29. Kh2 Qb6 30. Be2 Qxb2 31. Qxh5+ Kg7 32. Qg5+ Kh7 33. Qh5+ Kg7 34. Rc7 Rh8 35. Rxf7+ Kg8 36. Rf8+ Kxf8 37. Qxh8+ Ke7 38. Qh7+ Kd8 39. Qd3 a6 40. Kg3 Qc1 41. Kf2 Qh1 42. Qg6 Qh2+ 43. Ke1 Qh3 44. Qf6+ Kd7 45. f5 Qxf5 46. Qxf5 exf5 47. Kd2 Ke6 48. Kd3 Kxe5 49. Bh5 b6 50. Be8 b5 51. Bc6 Kd6 52. Be8 Kc5 53. Bg6 a5 54. Bxf5 b4 55. a4 b3 56. Kc3 b2 57.
Bb1 d4+ 58. exd4+ 1-0

[Event "*** Titled Tuesday 3|2 Blitz"]
[Site "Chess.com"]
[Date "2016.08.02"]
[Round "2"]
[White "Blitzstream"]
[Black "TigranLPetrosyan"]
[Result "1/2-1/2"]
[WhiteElo "2470"]
[BlackElo "2655"]
[TimeControl "180+2"]
[EndTime "11:24:29 PDT"]
[Termination "Game drawn - insufficient material"]

1. d4 d5 2. Nf3 c6 3. Bf4 Nf6 4. e3 g6 5. c4 Bg7 6. Nc3 O-O 7. Be2 Bg4 8. Qb3 Qb6 9. c5 Qxb3 10. axb3 Bxf3 11.
Bxf3 Nbd7 12. O-O-O Rfe8 13. h3 e5 14. Bh2 exd4 15.
exd4 a5 16. Kc2 b6 17. cxb6 Nxb6 18. Rhe1 Nfd7 19. Rxe8+ Rxe8 20. Bd6 Nf8 21. Bc7 Nbd7 22. Bxa5 Ne6 23. Ne2 Ng5 24. Ng1 Nf8 25. h4 Ne4 26. Bxe4 Rxe4 27. Nf3 Ne6 28. Bc3 h6 29. g3 g5 30.
hxg5 hxg5 31. Re1 Nxd4+ 32. Nxd4 Rxe1 33. Bxe1 Bxd4 34. f3 f6 35. g4 Kf7 36. Bc3 Be5 37. Kd3 Ke6 38. Bd4 Kd6 39. b4 Kc7 40. b3 Bxd4 41.
Kxd4 Kb6 42. Kd3 Kb5 43. Kc3 d4+ 44. Kxd4 Kxb4 45. Ke4 Kxb3 46. Kf5 c5 47. Kxf6 c4 48. Kxg5 c3 49. f4 c2 50. Kg6 c1=Q 51. f5 Kc4 52. f6 Qf4 53. f7 Kd5 54. Kg7 Qxg4+ 55.
Kh8 Qh5+ 56. Kg8 Qg6+ 57. Kh8 Qf6+ 58. Kg8 Qe6 59. Kh8 Qe7 60. Kg8 Qg5+ 61. Kh8 Qd8+ 62. Kg7 Qe7 63. Kg8 Qe6 64. Kg7 Qg4+ 65. Kh7 Qh5+ 66. Kg8 Qg6+ 67. Kh8 Ke6 68. f8=Q Qf6+ 69. Qg7 Kf5 70. Qxf6+ Kxf6 1/2-1/2

[Event "*** Titled Tuesday 3|2 Blitz"]
[Site "Chess.com"]
[Date "2016.08.02"]
[Round "2"]
[White "sandropozo"]
[Black "workhard91"]
[Result "0-1"]
[WhiteElo "2377"]
[BlackElo "2366"]
[TimeControl "180+2"]
[EndTime "11:24:29 PDT"]
[Termination "workhard91 won by checkmate"]

1. d4 Nf6 2. Nf3 g6 3. g3 Bg7 4. Bg2 O-O 5. O-O d5 6. c4 c6 7. cxd5 cxd5 8. Nc3 Ne4 9. Qb3 Nxc3 10. Qxc3 Nc6 11. Bf4 Qb6 12. Ne5 Nxd4 13. Qe3 e6 14.
h4 Nc6 15. Qxb6 axb6 16. Nd3 Bd7 17. Bd6 Rfc8 18. e4 dxe4 19. Bxe4 Na5 20. Ne5 Bc6 21.
Nxc6 Nxc6 22. h5 Bxb2 23. Rab1 Bd4 24. Kg2 Rxa2 25. hxg6 hxg6 26. Rbd1 Bc5 27. Bf4 Re2 28. Bf3 Ra2 29. Rd7 Na5 30. Be5 Nc4 31. Bf4 e5 32. Bg5 f6 33. Bd5+ Kf8 34. Bh6+ Ke8 35.
Rxb7 Ne3+ 36. Bxe3 Bxe3 37. Kf3 Bd4 38. Kg4 Kd8 39.
Rh1 Rc7 40. Rh8+ Kd7 41. Rh7+ Kd6 42. Rhxc7 Kxd5 43. f4 Ke4 44. fxe5 Bxe5 45. Re7 Rg2 46. Rxb6 Rxg3+ 47. Kh4 Rg1 48. Rb3 Kf5 49. Rf3+ Bf4 50.
Rh3 Rg4# 0-1

[Event "*** Titled Tuesday 3|2 Blitz"]
[Site "Chess.com"]
[Date "2016.08.02"]
[Round "2"]
[White "shivakaka"]
[Black "GremioPrudente"]
[Result "0-1"]
[WhiteElo "2107"]
[BlackElo "2068"]
[TimeControl "180+2"]
[EndTime "11:24:32 PDT"]
[Termination "GremioPrudente won on time"]

1. e4 e6 2. d4 d5 3. e5 c5 4. c3 Qb6 5. Nf3 Bd7 6. Bd3 Bb5 7. dxc5 Bxc5 8. O-O Bxd3 9. Qxd3 Qa6 10. Qd1 Nc6 11. a4 Bf8 12. Be3 b6 13. Na3 Bxa3 14.
Rxa3 Na5 15. Nd2 Nc4 16. Nxc4 Qxc4 17. Bd4 Ne7 18. Qg4 O-O 19. b3 Qc7 20. h4 Nf5 21. h5 h6 22. Qf3 Rac8 23. b4 Qc4 24.
Rd1 Rc7 25. g4 Nxd4 26. Rxd4 Qc6 27. g5 hxg5 28. h6 gxh6 29. Qh5 Kg7 30. c4 f5 31.
Rh3 Rh8 32. c5 bxc5 33. Rdd3 Qxa4 34. Rdg3 Qe8 35. Qd1 cxb4 0-1

[Event "*** Titled Tuesday 3|2 Blitz"]
[Site "Chess.com"]
[Date "2016.08.02"]
[Round "2"]
[White "ChessNinja48"]
[Black "WanderingPuppet"]
[Result "0-1"]
[WhiteElo "2326"]
[BlackElo "2268"]
[TimeControl "180+2"]
[EndTime "11:24:37 PDT"]
[Termination "WanderingPuppet won by resignation"]

1. d4 Nc6 2. Nf3 d6 3. c4 Bg4 4. Nc3 Bxf3 5. gxf3 Nf6 6. e3 e5 7. d5 Nb8 8. Bd3 Be7 9. Bd2 Nbd7 10. b4 a5 11. a3 e4 12. fxe4 Ne5 13. Be2 h5 14. f4 Neg4 15. h3 Nh6 16. Bf3 Nd7 17. Ke2 O-O 18. Rg1 f5 19. Nb5 Nf6 20. Nd4 fxe4 21. Bh1 Rf7 22. Bc3 Qd7 23. Ne6 c6 24.
Qd4 cxd5 25. cxd5 Qb5+ 26. Kf2 Nf5 27. Qd2 Qxd5 28. Qxd5 Nxd5 29. Bd2 Bh4+ 30. Ke2 Re8 31. Bxe4 Nxf4+ 32. exf4 Rxe6 33. Kd3 d5 34. Bxd5 Rd7 35. Kc4 Rxd5 36. Kxd5 Rd6+ 37. Ke5 g6 38. Rad1 Kf7 39. Bc3 Bf6+ 40. Ke4 Bxc3 41. Rxd6 Nxd6+ 42. Kd5 Nf5 43.
Rc1 axb4 44. axb4 Bxb4 45. Rc7+ Kf6 46. Rxb7 Bd2 47. Rb6+ Kg7 48. Ke5 Be3 49. Rb7+ Kh6 50.
Rb8 Bd4+ 51. Ke4 Bf6 52. Rb6 Kg7 53. Rb7+ Kh6 54. Rb1 Ng3+ 55. Kd5 Bh4 56. Ke6 Nf5 57.
Rb6 Kg7 58. Rb7+ Kh6 59. Kf7 Nd6+ 60. Kg8 0-1